[Event "Titled Tuesday Blitz November 07 Early 2023"]
[White "Degenbaev, Aziz"]
[Black "Buscar, Michael"]
[WhiteFideId "13802640"]
[BlackFideId "2603616"]
[WhiteElo "2656"]
[BlackElo "2326"]
[Result "1-0"]
[Round "1"]
[TimeControl "180+1"]
[Date "2023.11.07"]
[WhiteClock "0:01:25"]
[BlackClock "0:00:03"]
[Board "159"]

1. e4 c5 2. Nf3 Nc6 3. Bb5 Nf6 4. Nc3 g6 5. h3 d6 6. e5 dxe5 7. Nxe5 Bd7 8. Nxd7 Qxd7 9. O-O a6 10. Be2 Bg7 11. Bf3 O-O 12. d3 Nd4 13. Re1 Nxf3+ 14. Qxf3 b5 15. Bg5 Rac8 16. Re2 h6 17. Bh4 g5 18. Bg3 e6 19. Be5 Nd5 20. Bxg7 Kxg7 21. Rae1 Nxc3 22. bxc3 Rfd8 23. h4 Qd5 24. Qh5 Qf5 25. Re5 Qg6 26. Qg4 gxh4 27. Qxh4 Rd5 28. Rxd5 exd5 29. Re3 Kh7 30. Rg3 Qf5 31. Rf3 Qe6 32. Rf6 Qe1+ 33. Kh2 Qd2 34. f4 1-0


[Site "https://www.chess.com"]

[Event "Titled Tuesday Blitz November 07 Early 2023"]
[White "gpsji27"]
[Black "Borgaonkar Akshay"]
[BlackFideId "25639110"]
[WhiteElo "2324"]
[BlackElo "2656"]
[Result "0-1"]
[Round "1"]
[TimeControl "180+1"]
[Date "2023.11.07"]
[WhiteClock "0:00:00"]
[BlackClock "0:00:05"]
[Board "160"]

1. d4 g6 2. e4 Bg7 3. Nc3 a6 4. a4 c6 5. Nf3 d5 6. e5 f6 7. Bf4 Bg4 8. h3 Bxf3 9. Qxf3 Nd7 10. exf6 Ngxf6 11. O-O-O O-O 12. Qe3 b5 13. Qe6+ Kh8 14. Qxc6 b4 15. Na2 b3 16. Nc3 bxc2 17. Re1 Ne4 18. Nxe4 dxe4 19. Be3 Nf6 20. Bc4 Qa5 21. Bb3 Rfc8 22. Qe6 Rab8 23. Bd2 Qd8 24. Bc3 Rb6 25. Qf7 Bh6+ 26. Re3 Bxe3+ 27. fxe3 Qd6 28. Rf1 Qg3 29. Bd2 Qxg2 30. Re1 Qf2 31. Be6 Rcb8 32. b3 R6b7 33. Bc4 Qh4 34. Qe6 Qg3 35. Rf1 Qg5 36. Qf7 Qh6 37. d5 Qg7 38. Qxg7+ Kxg7 39. Bc3 Rb6 40. Kxc2 Kh6 41. Bd4 R6b7 42. d6 Nh5 0-1


[Site "https://www.chess.com"]

[Event "Titled Tuesday Blitz November 07 Early 2023"]
[White "Melian, Juan Sebastian"]
[Black "Minina, Veronika"]
[WhiteFideId "3706575"]
[BlackFideId "4174780"]
[WhiteElo "2654"]
[BlackElo "2323"]
[Result "1-0"]
[Round "1"]
[TimeControl "180+1"]
[Date "2023.11.07"]
[WhiteClock "0:00:16"]
[BlackClock "0:00:05"]
[Board "161"]

1. e4 c5 2. Nf3 Nc6 3. c3 d5 4. exd5 Qxd5 5. Na3 e5 6. d3 Nf6 7. Be2 Be7 8. O-O O-O 9. Nc4 b6 10. Re1 Bb7 11. Bf1 Nd7 12. d4 cxd4 13. cxd4 e4 14. Ne3 Qh5 15. Nd2 Qxd1 16. Rxd1 Nxd4 17. Nxe4 Bxe4 18. Rxd4 Nf6 19. Rd1 Rac8 20. Bd2 Bc5 21. Rac1 Bd4 22. Bc3 Bxc3 23. bxc3 h6 24. f3 Bb7 25. Rd6 Rfe8 26. Kf2 Re7 27. c4 Rec7 28. Rcd1 Ne8 29. Rd8 Kf8 30. g4 Rxd8 31. Rxd8 Ke7 32. Rd4 Nf6 33. Nf5+ Kf8 34. Rd8+ Ne8 35. Nd6 Re7 36. Rxe8+ Rxe8 37. Nxb7 Rc8 38. Nd6 Rc5 39. Ne4 Ra5 40. Nc3 Ra3 41. Nb5 Rxa2+ 42. Kg3 a5 43. h4 a4 44. Kf4 Rb2 45. Bd3 Rb3 46. Ke4 a3 47. Bc2 Rb4 48. Nxa3 Ke7 49. Kd4 Rb2 50. Kc3 Ra2 51. Kb3 Ra1 52. Bb1 b5 53. Kb2 Rxb1+ 54. Kxb1 bxc4 55. Nxc4 Kf6 56. Kc2 Kg6 57. Kd3 f5 58. Ke3 fxg4 59. fxg4 Kf6 60. Kf4 g6 61. g5+ hxg5+ 62. hxg5+ Ke6 63. Ke4 Ke7 64. Ke5 Kf7 65. Kd6 Kg7 66. Ke7 Kh7 67. Kf7 Kh8 68. Kxg6 Kg8 69. Kh6 Kh8 70. g6 Kg8 71. g7 Kf7 72. Kh7 1-0


[Site "https://www.chess.com"]

[Event "Titled Tuesday Blitz November 07 Early 2023"]
[White "Fernandez Siles, Luis"]
[Black "Skliarov, Viktor"]
[WhiteFideId "2209420"]
[BlackFideId "14106736"]
[WhiteElo "2320"]
[BlackElo "2654"]
[Result "0-1"]
[Round "1"]
[TimeControl "180+1"]
[Date "2023.11.07"]
[WhiteClock "0:00:30"]
[BlackClock "0:00:44"]
[Board "162"]

1. e4 c5 2. Nf3 Nc6 3. d4 cxd4 4. Nxd4 Nf6 5. Nc3 e5 6. Ndb5 d6 7. Nd5 Nxd5 8. exd5 Nb8 9. c4 Be7 10. Bd3 O-O 11. O-O a6 12. Nc3 f5 13. f3 Nd7 14. Kh1 Bg5 15. a3 Nc5 16. Bc2 a5 17. Nb5 Ra6 18. b4 Bxc1 19. bxc5 Be3 20. cxd6 Bd7 21. Qd3 Bc5 22. g4 Bxb5 23. cxb5 Rxd6 24. gxf5 Rh6 25. Bb3 Rxh2+ 26. Kxh2 Qh4+ 27. Kg2 Qg5+ 28. Kh3 Rf6 29. d6+ Kf8 0-1


[Site "https://www.chess.com"]

[Event "Titled Tuesday Blitz November 07 Early 2023"]
[White "HamedWafa4"]
[Black "patzersame"]
[WhiteElo "2650"]
[BlackElo "2320"]
[Result "1-0"]
[Round "1"]
[TimeControl "180+1"]
[Date "2023.11.07"]
[WhiteClock "0:01:11"]
[BlackClock "0:00:47"]
[Board "163"]

1. d4 d5 2. Bf4 Nf6 3. Nc3 c6 4. e3 e6 5. Nf3 Bd6 6. Bd3 O-O 7. O-O Bxf4 8. exf4 Nbd7 9. Ne2 Ne4 10. Ng3 f5 11. Ne5 Ndf6 12. Ne2 Bd7 13. f3 Nd6 14. c3 Rc8 15. Kh1 c5 16. dxc5 Rxc5 17. Nd4 Qe8 18. Re1 Qh5 19. Nxd7 Nxd7 20. Nxe6 Rcc8 21. Nxf8 Rxf8 22. Bb5 Nf6 23. Ba4 Qh4 24. Qd4 Kh8 25. Qc5 Qxf4 26. Qd4 Qh6 27. Bb3 f4 28. Qc5 Nh5 29. Qxd5 Ng3+ 30. Kg1 Ngf5 31. Re6 Rf6 32. Rxf6 Qxf6 33. Qg8# 1-0


[Site "https://www.chess.com"]

[Event "Titled Tuesday Blitz November 07 Early 2023"]
[White "Barbot, Pierre"]
[Black "Chor, Kevin"]
[WhiteFideId "663727"]
[BlackFideId "2090740"]
[WhiteElo "2319"]
[BlackElo "2650"]
[Result "0-1"]
[Round "1"]
[TimeControl "180+1"]
[Date "2023.11.07"]
[WhiteClock "0:00:00"]
[BlackClock "0:00:17"]
[Board "164"]

1. e4 c5 2. Nc3 Nc6 3. Bb5 g6 4. Nf3 Bg7 5. Bxc6 bxc6 6. O-O e5 7. d3 Ne7 8. Bg5 h6 9. Be3 d6 10. Qd2 f5 11. exf5 gxf5 12. Qe2 O-O 13. Nh4 Nd5 14. Qh5 f4 15. Bd2 Nf6 16. Qg6 Ng4 17. Nf3 Bf5 18. Qh5 d5 19. h3 e4 20. hxg4 Bh7 21. Nh4 Qf6 22. Nf5 Bxf5 23. gxf5 Rae8 24. dxe4 dxe4 25. Bxf4 Qd4 26. Be3 Qb4 27. Rab1 Re5 28. Rfd1 Rexf5 29. Qg4 Qc4 30. Qxe4 Qf7 31. Qd3 Qg6 32. Qf1 Qh5 33. Rd2 Qh4 34. Rbd1 Rh5 35. f3 Re8 36. Qe2 Bd4 37. Rd3 Qh1+ 38. Kf2 Qh4+ 39. Kg1 Qh2+ 40. Kf2 Rxe3 41. Rxe3 Rg5 0-1


[Site "https://www.chess.com"]

[Event "Titled Tuesday Blitz November 07 Early 2023"]
[White "Kislinsky, Alexey"]
[Black "Harriott, Tyrell"]
[WhiteFideId "14108801"]
[BlackFideId "2086484"]
[WhiteElo "2647"]
[BlackElo "2319"]
[Result "0-1"]
[Round "1"]
[TimeControl "180+1"]
[Date "2023.11.07"]
[WhiteClock "0:00:59"]
[BlackClock "0:00:28"]
[Board "165"]

1. e4 d5 2. exd5 Nf6 3. Bb5+ Nbd7 4. d4 a6 5. Bd3 b5 6. Nf3 Bb7 7. O-O g6 8. a4 b4 9. Re1 Bg7 10. c4 bxc3 11. bxc3 Nxd5 12. c4 N5f6 13. Ba3 c5 14. Nbd2 O-O 15. Nb3 Re8 16. Nxc5 Nxc5 17. Bxc5 Rc8 18. Rb1 Bc6 19. Bb6 Qd7 20. Ne5 Qb7 21. d5 Bd7 22. a5 Bf5 23. Bxf5 gxf5 24. Qf3 Ne4 25. Qxf5 Nd2 26. Qxf7+ Kh8 27. Bd4 Qxb1 28. Ng6+ Qxg6 0-1


[Site "https://www.chess.com"]

[Event "Titled Tuesday Blitz November 07 Early 2023"]
[White "Zivic, Dragan"]
[Black "Dowgird, Filip"]
[WhiteFideId "904740"]
[BlackFideId "1121235"]
[WhiteElo "2319"]
[BlackElo "2647"]
[Result "0-1"]
[Round "1"]
[TimeControl "180+1"]
[Date "2023.11.07"]
[WhiteClock "0:01:28"]
[BlackClock "0:02:07"]
[Board "166"]

1. c4 e5 2. Nc3 Nf6 3. Nf3 Nc6 4. g3 Bb4 5. Nd5 a5 6. a3 Bd6 7. d3 Nxd5 8. cxd5 Ne7 9. e4 O-O 10. Bg2 f5 11. exf5 Nxf5 12. Ng5 Bc5 13. Ne4 Bb6 14. O-O d6 15. h4 h6 16. Rb1 Bd7 17. Bh3 Nxh4 0-1


[Site "https://www.chess.com"]

[Event "Titled Tuesday Blitz November 07 Early 2023"]
[White "Principe, Gerson"]
[Black "Ardila, Oscar Humberto"]
[WhiteFideId "3804550"]
[BlackFideId "4404742"]
[WhiteElo "2646"]
[BlackElo "2318"]
[Result "1-0"]
[Round "1"]
[TimeControl "180+1"]
[Date "2023.11.07"]
[WhiteClock "0:00:46"]
[BlackClock "0:00:39"]
[Board "167"]

1. Nf3 Nf6 2. d4 g6 3. e3 Bg7 4. Be2 b6 5. O-O Bb7 6. b3 O-O 7. c4 d6 8. Nc3 Nbd7 9. Bb2 e5 10. Rc1 exd4 11. Nxd4 Re8 12. Bf3 Bxf3 13. Qxf3 Nc5 14. Rfd1 Qd7 15. Nd5 Nxd5 16. cxd5 a5 17. Rc2 Qe7 18. Qe2 Qe4 19. Nb5 Re7 20. Bxg7 Kxg7 21. Rc4 Qe5 22. Qc2 Rae8 23. a3 Qf5 24. Qxf5 gxf5 25. b4 axb4 26. axb4 Na6 27. Ra1 Ra8 28. Rc3 Re4 29. Nd4 Kf6 30. Rca3 c5 31. dxc6 Rc8 32. Rxa6 Ke5 33. Rxb6 f4 34. Rb5+ d5 35. Rc1 fxe3 36. fxe3 Rxe3 37. Nf3+ Ke4 38. c7 d4 39. Re5+ Kd3 40. Rxe3+ dxe3 41. Kf1 f5 42. b5 f4 43. b6 Ra8 44. c8=Q Ra2 45. Qc4# 1-0


[Site "https://www.chess.com"]

[Event "Titled Tuesday Blitz November 07 Early 2023"]
[White "Maect19"]
[Black "Thomforde-Toates, Noah"]
[BlackFideId "30951992"]
[WhiteElo "2318"]
[BlackElo "2644"]
[Result "0-1"]
[Round "1"]
[TimeControl "180+1"]
[Date "2023.11.07"]
[WhiteClock "0:00:09"]
[BlackClock "0:00:46"]
[Board "168"]

1. d4 Nf6 2. Nf3 g6 3. c3 Bg7 4. Bg5 d6 5. Nbd2 Nbd7 6. e4 e5 7. dxe5 dxe5 8. Bc4 c6 9. O-O Qc7 10. Qe2 O-O 11. Rfd1 h6 12. Bh4 Nh5 13. Bg3 a5 14. a4 Nc5 15. Nf1 Re8 16. Qc2 Nf4 17. Ne3 Be6 18. Bxe6 Ncxe6 19. Nc4 Red8 20. Rxd8+ Rxd8 21. Rd1 Rxd1+ 22. Qxd1 Nc5 23. Bxf4 exf4 24. Qc2 b5 25. axb5 cxb5 26. Ncd2 g5 27. Nd4 Qd7 28. Nf5 Qd3 29. Qxd3 Nxd3 30. Nxg7 Kxg7 31. c4 b4 32. b3 Kf6 33. Kf1 Ke5 34. Nf3+ Kxe4 35. Nd2+ Kd4 36. Ke2 Kc3 37. Ne4+ Kc2 38. c5 Ne5 39. Nd6 Kxb3 40. Nb5 a4 41. Nd4+ Kc4 42. c6 Nxc6 43. Nxc6 a3 44. Ne5+ Kc3 45. Nd3 a2 0-1


[Site "https://www.chess.com"]

[Event "Titled Tuesday Blitz November 07 Early 2023"]
[White "Janaszak, Dawid"]
[Black "Mikayel99"]
[WhiteFideId "1119206"]
[WhiteElo "2642"]
[BlackElo "2318"]
[Result "1-0"]
[Round "1"]
[TimeControl "180+1"]
[Date "2023.11.07"]
[WhiteClock "0:00:21"]
[BlackClock "0:00:10"]
[Board "169"]

1. e4 e6 2. d4 d5 3. Bd3 dxe4 4. Bxe4 Nf6 5. Bf3 c5 6. Ne2 Be7 7. O-O O-O 8. Nbc3 Nbd7 9. Bf4 cxd4 10. Qxd4 Bc5 11. Qc4 Qe7 12. Rad1 Nb6 13. Qd3 Bd7 14. Bxb7 Rad8 15. Bc7 Rde8 16. Bf3 e5 17. Ng3 Be6 18. Bxb6 Bxb6 19. Nf5 Bxf5 20. Qxf5 Qb4 21. Rb1 e4 22. Be2 e3 23. f3 Bc7 24. g3 Re5 25. Qd3 Rd8 26. Qc4 Qb8 27. Kg2 Rd2 28. Rfd1 Rg5 29. Rxd2 Bxg3 30. Rd8+ Qxd8 31. hxg3 Nh5 32. Ne4 Nf4+ 33. Kf1 Rh5 34. gxf4 Rh1+ 35. Kg2 Rxb1 36. Ng5 Qe8 37. Qd3 g6 38. Ne4 Qe7 39. Qxe3 Kf8 40. Qd4 Ke8 41. Bb5+ Kf8 42. Qh8# 1-0


[Site "https://www.chess.com"]

[Event "Titled Tuesday Blitz November 07 Early 2023"]
[White "SlippperyWhenWet"]
[Black "Asavasaetakul, Chawit"]
[BlackFideId "6204856"]
[WhiteElo "2317"]
[BlackElo "2638"]
[Result "1-0"]
[Round "1"]
[TimeControl "180+1"]
[Date "2023.11.07"]
[WhiteClock "0:00:35"]
[BlackClock "0:00:43"]
[Board "170"]

1. e4 d5 2. exd5 Nf6 3. d4 Bg4 4. Bb5+ Nbd7 5. Ne2 Nxd5 6. O-O c6 7. Bd3 e6 8. c3 Bd6 9. Qc2 Bh5 10. Ng3 Bg6 11. Nd2 N7f6 12. Nf3 O-O 13. Bd2 Rc8 14. c4 Nf4 15. Bxf4 Bxf4 16. Rad1 Qb6 17. Bxg6 hxg6 18. b3 Rfd8 19. Ne4 Bb8 20. Nxf6+ gxf6 21. Qe4 Kg7 22. h3 Qa5 23. a4 Rd7 24. Rfe1 Rcd8 25. Rd3 a6 26. Red1 Qb4 27. Qe2 Ba7 28. g3 Qa5 29. Kg2 Qh5 30. Qe4 Bb8 31. g4 Qa5 32. Qe2 g5 33. Qe4 Qb4 34. Ng1 Qb6 35. Ne2 Qc7 36. Ng3 b5 37. Nh5+ Kf8 38. Qh7 Ke7 39. Ng3 Qf4 40. Re1 Rxd4 41. Nf5+ Qxf5 42. gxf5 Rxd3 43. Rxe6+ Kd7 44. Qxf7+ Kc8 45. Rxc6+ Bc7 46. Qxc7# 1-0


[Site "https://www.chess.com"]

[Event "Titled Tuesday Blitz November 07 Early 2023"]
[White "Skvortsov, Andrei"]
[Black "MIss_MIaMI"]
[WhiteFideId "24108600"]
[WhiteElo "2635"]
[BlackElo "2311"]
[Result "1-0"]
[Round "1"]
[TimeControl "180+1"]
[Date "2023.11.07"]
[WhiteClock "0:01:49"]
[BlackClock "0:00:03"]
[Board "171"]

1. e4 c5 2. d4 cxd4 3. Qxd4 Nc6 4. Qd3 Nf6 5. Nc3 a6 6. Nf3 d6 7. Be2 b5 8. O-O Bb7 9. Nd5 h6 10. Nxf6+ gxf6 11. c3 Ne5 12. Nxe5 fxe5 13. a4 bxa4 14. Rxa4 Qd7 15. Ra3 Rg8 16. f3 h5 17. Kh1 h4 18. Rg1 h3 19. g4 e6 20. Rb3 Be7 21. Rg3 Rh8 22. g5 d5 23. exd5 exd5 24. Be3 Bc6 25. g6 f5 26. g7 Rg8 27. Bg5 f4 28. Qg6+ Kd8 29. Bxe7+ Kxe7 30. Rg5 e4 31. Rb6 Rac8 32. Re5+ Kd8 33. Qf6+ Kc7 34. Rxc6+ Qxc6 35. Re7+ Kb6 36. Re6 exf3 37. Bxf3 Rxg7 38. Rxc6+ Rxc6 39. Qxg7 Rd6 40. Qd4+ Kc6 41. Bg4 f3 42. Bxf3 a5 43. Bg4 Rd8 44. Bxh3 Rf8 45. Bg2 Rf5 46. h4 Kd6 47. Kh2 Rh5 48. Qf4+ Kc5 49. Qf8+ Kc4 50. Qf4+ Kc5 51. Qd4+ Kd6 52. c4 a4 53. cxd5 a3 54. bxa3 Kd7 55. Qg4+ Kd6 56. Qxh5 1-0


[Site "https://www.chess.com"]

[Event "Titled Tuesday Blitz November 07 Early 2023"]
[White "Petrova, Irina"]
[Black "Kuzhylnyi, Oleksandr"]
[WhiteFideId "14124122"]
[BlackFideId "34110500"]
[WhiteElo "2310"]
[BlackElo "2634"]
[Result "0-1"]
[Round "1"]
[TimeControl "180+1"]
[Date "2023.11.07"]
[WhiteClock "0:00:05"]
[BlackClock "0:00:13"]
[Board "172"]

1. e4 g6 2. d4 Bg7 3. Nc3 d6 4. Be3 a6 5. Qd2 b5 6. h4 Nf6 7. f3 h5 8. Nh3 Bxh3 9. Rxh3 Nbd7 10. O-O-O c5 11. d5 b4 12. Na4 Qa5 13. b3 Nb6 14. Nxb6 Qxb6 15. Bc4 a5 16. Qf2 a4 17. e5 Nd7 18. exd6 exd6 19. Re1 O-O 20. g4 Ne5 21. gxh5 Nxc4 22. bxc4 b3 23. a3 Qa6 24. hxg6 Qxc4 25. gxf7+ Rxf7 26. Rg1 Re8 27. f4 Kh8 28. h5 Qc3 29. Rxg7 Rxg7 30. h6 Rge7 31. Qg2 Rxe3 32. Qg7+ Qxg7 33. hxg7+ Kxg7 34. Rxe3 Rxe3 35. cxb3 Rxb3 0-1


[Site "https://www.chess.com"]

[Event "Titled Tuesday Blitz November 07 Early 2023"]
[White "Ismagilov, Damir"]
[Black "Zaksaite, Salomeja"]
[WhiteFideId "34199982"]
[BlackFideId "12801496"]
[WhiteElo "2632"]
[BlackElo "2308"]
[Result "1-0"]
[Round "1"]
[TimeControl "180+1"]
[Date "2023.11.07"]
[WhiteClock "0:01:20"]
[BlackClock "0:00:01"]
[Board "173"]

1. d4 Nf6 2. Bf4 g6 3. Nc3 d5 4. Qd2 Bg7 5. Bh6 O-O 6. Bxg7 Kxg7 7. O-O-O c5 8. dxc5 e6 9. e4 Qc7 10. exd5 Qxc5 11. Nf3 exd5 12. Nxd5 Nxd5 13. Qxd5 Qxd5 14. Rxd5 Be6 15. Rd2 Nc6 16. Bb5 Rac8 17. Bxc6 Rxc6 18. Nd4 Ra6 19. Nxe6+ Rxe6 20. c3 Rfe8 21. Rhd1 h5 22. h4 Kf6 23. Kc2 a6 24. a4 R8e7 25. b4 Rc7 26. Kb3 Rec6 27. Rd3 Ke7 28. Re3+ Re6 29. Rxe6+ Kxe6 30. Rd8 Ke7 31. Rb8 Ke6 32. c4 Ke5 33. b5 axb5 34. cxb5 Kd4 35. a5 Kc5 36. b6 Re7 37. Rc8+ Kb5 38. Rc7 Re5 39. Rxb7 Re6 40. Ra7 1-0


[Site "https://www.chess.com"]

[Event "Titled Tuesday Blitz November 07 Early 2023"]
[White "Senft, Sean"]
[Black "Arabidze, Meri"]
[WhiteFideId "2044960"]
[BlackFideId "13604040"]
[WhiteElo "2307"]
[BlackElo "2631"]
[Result "1-0"]
[Round "1"]
[TimeControl "180+1"]
[Date "2023.11.07"]
[WhiteClock "0:00:08"]
[BlackClock "0:00:04"]
[Board "174"]

1. d4 f5 2. g3 Nf6 3. Bg2 e6 4. c4 d5 5. Nc3 c6 6. Bg5 Bd6 7. Nf3 O-O 8. O-O Bd7 9. b3 Be8 10. Ne5 Bh5 11. f3 Nbd7 12. Nxd7 Qxd7 13. Qc2 Rae8 14. Bxf6 Rxf6 15. e4 fxe4 16. fxe4 Rxf1+ 17. Rxf1 dxc4 18. bxc4 e5 19. d5 Bc5+ 20. Kh1 Bd4 21. Ne2 c5 22. Nxd4 cxd4 23. c5 Rc8 24. Rf5 Bg6 25. Rxe5 Qb5 26. d6 Bf7 27. Bh3 d3 28. Qd1 Rd8 29. d7 Qb2 30. Re7 d2 31. Be6 Bxe6 32. Re8+ Kf7 33. Rxd8 Ke7 34. Rf8 Kxd7 35. Rf2 Ke7 36. Qxd2 Qe5 37. Qe3 h6 38. Rd2 a6 39. Qd4 Qxd4 40. Rxd4 Bxa2 41. Kg2 Be6 42. Kf3 Bd7 43. Kf4 Bc6 44. Ke5 a5 45. Rd3 a4 46. h4 Kf7 47. g4 g6 48. Kd6 Kf6 49. e5+ Kf7 50. e6+ Ke8 51. e7 h5 52. gxh5 gxh5 53. Rg3 Kf7 54. Rg1 a3 55. Rf1+ Kg7 56. Rf2 Kg6 57. Kc7 a2 58. Rxa2 Kf5 59. Kd8 Kg4 60. Re2 Kxh4 61. e8=Q Bxe8 62. Kxe8 Kg4 63. Kd7 h4 64. Kc7 h3 65. Kxb7 Kf3 66. Rb2 1-0


[Site "https://www.chess.com"]

[Event "Titled Tuesday Blitz November 07 Early 2023"]
[White "Matinian, Nikita"]
[Black "Alahakoon, Isuru"]
[WhiteFideId "24129100"]
[BlackFideId "9900993"]
[WhiteElo "2630"]
[BlackElo "2306"]
[Result "1-0"]
[Round "1"]
[TimeControl "180+1"]
[Date "2023.11.07"]
[WhiteClock "0:01:43"]
[BlackClock "0:01:36"]
[Board "175"]

1. e4 d5 2. exd5 Qxd5 3. Nc3 Qa5 4. d4 Nf6 5. Nf3 Bg4 6. h3 Bh5 7. g4 Bg6 8. Ne5 e6 9. Nc4 Qa6 10. Nb5 Qc6 11. Ne5 Qxh1 12. Nxc7+ Kd8 13. Nxa8 Qe4+ 14. Be3 Qxc2 15. Qxc2 Bxc2 16. Nxf7+ Ke8 17. Nxh8 Bb4+ 18. Bd2 Bd6 19. Rc1 Be4 20. Nc7+ Kd7 21. Nb5 Nc6 22. Nxd6 Kxd6 23. Nf7+ Ke7 24. Ne5 Nxd4 25. Bb4+ Kd8 26. Rd1 1-0


[Site "https://www.chess.com"]

[Event "Titled Tuesday Blitz November 07 Early 2023"]
[White "Umarov, Sabir"]
[Black "JuniorJumper"]
[WhiteFideId "14200538"]
[WhiteElo "2305"]
[BlackElo "2629"]
[Result "1-0"]
[Round "1"]
[TimeControl "180+1"]
[Date "2023.11.07"]
[WhiteClock "0:00:17"]
[BlackClock "0:00:10"]
[Board "176"]

1. e4 b6 2. d4 Bb7 3. Nc3 e6 4. Be3 Bb4 5. Ne2 Bxe4 6. a3 Bxc3+ 7. Nxc3 Bb7 8. Bd3 f5 9. Qh5+ g6 10. Qh3 Nf6 11. O-O-O O-O 12. f3 d6 13. Rhg1 Nbd7 14. g4 fxg4 15. fxg4 Nd5 16. Bh6 Nxc3 17. bxc3 Rf3 18. Rg3 Qf6 19. g5 Qf4+ 20. Kb2 Re8 21. Bc4 Qf5 22. Qh4 Rf4 23. Qh3 Qxh3 24. Rxh3 d5 25. Bb5 c6 26. Bd3 e5 27. dxe5 Nxe5 28. Kb3 Nxd3 29. cxd3 Bc8 30. Rg3 Bf5 31. Rgg1 Re2 32. Rgf1 Rh4 33. Rde1 Rhxh2 34. Rxe2 Rxe2 35. Rf4 c5 36. Ra4 a5 37. Rf4 Re3 38. d4 c4+ 39. Ka4 Rxc3 40. Kb5 Rb3+ 41. Kc6 c3 42. Rf1 c2 43. Re1 Rc3+ 44. Kd6 c1=Q 45. Re8+ Kf7 46. Re7+ Kg8 47. Re8+ Kf7 48. Rf8# 1-0


[Site "https://www.chess.com"]

[Event "Titled Tuesday Blitz November 07 Early 2023"]
[White "Volkov, Maksim"]
[Black "Rasmussen, Casper"]
[WhiteFideId "54123070"]
[BlackFideId "1402005"]
[WhiteElo "2628"]
[BlackElo "2303"]
[Result "1-0"]
[Round "1"]
[TimeControl "180+1"]
[Date "2023.11.07"]
[WhiteClock "0:00:13"]
[BlackClock "0:00:00"]
[Board "177"]

1. e4 c5 2. Nf3 e6 3. d4 cxd4 4. Nxd4 a6 5. c4 Nf6 6. Nc3 Bb4 7. f3 Qc7 8. Be2 d5 9. O-O Bxc3 10. bxc3 dxe4 11. Bg5 Nbd7 12. Qd2 h6 13. Bh4 O-O 14. Kh1 b6 15. Bg3 Qc5 16. Nb3 e3 17. Qd3 Qg5 18. f4 Qg6 19. Qxe3 Bb7 20. Bd3 Qh5 21. f5 Ng4 22. Qd4 Nc5 23. Nxc5 bxc5 24. Qxc5 Rad8 25. Be2 Rd2 26. Bf3 Bxf3 27. Rxf3 Rfd8 28. Raf1 Rxa2 29. Qc7 Rdd2 30. fxe6 f6 31. e7 Rxg2 32. Qb8+ Kh7 33. e8=Q Rxh2+ 34. Bxh2 Rxh2+ 35. Kg1 Rh1+ 36. Kg2 Rh2+ 37. Kg1 Rh1+ 38. Kg2 Rh2+ 39. Kg3 Qh4+ 40. Kf4 1-0


[Site "https://www.chess.com"]

[Event "Titled Tuesday Blitz November 07 Early 2023"]
[White "Mazzilli, Piero"]
[Black "Gubajdullin, Alexei"]
[WhiteFideId "807087"]
[BlackFideId "4141202"]
[WhiteElo "2303"]
[BlackElo "2623"]
[Result "0-1"]
[Round "1"]
[TimeControl "180+1"]
[Date "2023.11.07"]
[WhiteClock "0:00:35"]
[BlackClock "0:01:16"]
[Board "178"]

1. e4 g6 2. d4 Bg7 3. Nc3 d6 4. f4 a6 5. a4 Nd7 6. Nf3 c5 7. d5 Ngf6 8. e5 dxe5 9. fxe5 Ng4 10. e6 Nde5 11. Nxe5 Nxe5 12. exf7+ Nxf7 13. Bc4 Nd6 14. Qe2 O-O 15. Bg5 Qa5 16. Kd2 Rf5 17. Bxe7 Re5 18. Bxd6 Rxe2+ 19. Bxe2 Bf5 20. Rae1 Rd8 21. Bf4 Rxd5+ 22. Kc1 Bxc3 23. Bc4 Bxe1 24. Bxd5+ Kf8 25. Bd6+ Ke8 0-1


[Site "https://www.chess.com"]

[Event "Titled Tuesday Blitz November 07 Early 2023"]
[White "Doctor_Luber"]
[Black "Schut, Han"]
[BlackFideId "1005561"]
[WhiteElo "2622"]
[BlackElo "2300"]
[Result "1-0"]
[Round "1"]
[TimeControl "180+1"]
[Date "2023.11.07"]
[WhiteClock "0:00:58"]
[BlackClock "0:00:09"]
[Board "179"]

1. e4 c5 2. Nf3 d6 3. Nc3 Nf6 4. d4 cxd4 5. Nxd4 a6 6. Bd3 g6 7. O-O Bg7 8. Nb3 O-O 9. a4 Nc6 10. h3 Be6 11. Be3 Rc8 12. Qe2 d5 13. exd5 Bxd5 14. Nxd5 Nxd5 15. Bc1 Ne5 16. Be4 Nc4 17. Rd1 e6 18. c3 Qb6 19. Nd4 Nd6 20. Bf3 Ne7 21. a5 Qc5 22. Be3 Qc4 23. Bg5 Nef5 24. Qxc4 Rxc4 25. Nxf5 Nxf5 26. Bxb7 Rb8 27. Rd8+ Rxd8 28. Bxd8 Nd6 29. Bxa6 Rf4 30. Bc7 Be5 31. Rd1 Nc4 32. g3 Re4 33. Bb7 1-0


[Site "https://www.chess.com"]

[Event "Titled Tuesday Blitz November 07 Early 2023"]
[White "Biernacki, Mark"]
[Black "FoxOnTheRun97"]
[WhiteFideId "2082322"]
[WhiteElo "2295"]
[BlackElo "2622"]
[Result "0-1"]
[Round "1"]
[TimeControl "180+1"]
[Date "2023.11.07"]
[WhiteClock "0:00:04"]
[BlackClock "0:00:13"]
[Board "180"]

1. e4 c6 2. d4 d5 3. e5 Bf5 4. h4 h5 5. Nf3 e6 6. Bd3 Bxd3 7. Qxd3 c5 8. c4 cxd4 9. Nxd4 Ne7 10. Nb5 Nec6 11. cxd5 exd5 12. Qxd5 Qxd5 13. Nc7+ Kd7 14. Nxd5 Nxe5 15. Bf4 Nbc6 16. O-O Rd8 17. Nbc3 Kc8 18. Rad1 Bd6 19. Nb5 Bb8 20. Rfe1 f6 21. b3 Rhe8 22. Bg3 Ng6 23. Rxe8 Rxe8 24. Bxb8 Kxb8 25. g3 Rd8 26. Ndc3 Rxd1+ 27. Nxd1 Nge5 28. Nbc3 Kc7 29. Ne3 Ne7 30. Kg2 a6 31. f4 N5c6 32. Ned5+ Kd6 33. Nxe7 Nxe7 34. Kf3 Kc5 35. a3 Kd4 36. Ne4 b6 37. Nd6 Kc3 38. b4 Kb3 39. Ne8 g6 40. Nxf6 Kxa3 41. Ke4 Kxb4 42. Nd5+ Nxd5 43. Kxd5 a5 44. Ke6 a4 45. Kf6 a3 46. Kxg6 a2 47. Kxh5 a1=Q 48. f5 Qg7 49. g4 Kc5 50. g5 Kd5 51. f6 Qf7+ 52. Kh6 Ke6 53. h5 Kf5 54. g6 Qxf6 55. Kh7 Qg5 56. g7 Qxh5+ 57. Kg8 Kf6 58. Kf8 Qf7# 0-1


[Site "https://www.chess.com"]

[Event "Titled Tuesday Blitz November 07 Early 2023"]
[White "ArtemDyachuk"]
[Black "Goh, Zi Han"]
[BlackFideId "5819156"]
[WhiteElo "2621"]
[BlackElo "2295"]
[Result "0-1"]
[Round "1"]
[TimeControl "180+1"]
[Date "2023.11.07"]
[WhiteClock "0:00:02"]
[BlackClock "0:00:11"]
[Board "181"]

1. e4 c5 2. Nf3 d6 3. d4 cxd4 4. Nxd4 Nf6 5. Nc3 a6 6. h4 e5 7. Nb3 Be6 8. f4 b5 9. f5 Bc8 10. g4 Bb7 11. Bg2 b4 12. Nd5 Nxd5 13. exd5 Be7 14. g5 h6 15. f6 gxf6 16. gxh6 Nd7 17. Be3 Qc7 18. Qd2 a5 19. a4 Nb6 20. Bf2 Bf8 21. Qd3 Ba6 22. Qf3 Ke7 23. O-O-O Bxh6+ 24. Be3 Nxa4 25. Bxh6 Rxh6 26. Qe3 Rah8 27. Qf2 Bc4 28. Nd2 Ba2 29. Ne4 Rc8 30. Ng3 b3 31. Be4 bxc2 32. Nf5+ Kf8 33. Rdg1 Qb7 34. Rg8+ Kxg8 35. Nxh6+ Kf8 36. Qxf6 Qxb2+ 37. Kd2 c1=Q+ 38. Kd3 Qbc3+ 39. Ke2 Q1d2+ 40. Kf1 Qcc1# 0-1


[Site "https://www.chess.com"]